 Dungeon Crawl Stone Soup version 0.18-a0-750-g37044d6 (webtiles) character file.

2389 graki42 the Thaumaturge (level 9, -1/46 HPs)
             Began as a Deep Elf Fire Elementalist on Dec 12, 2015.
             Was a Believer of Vehumet.
             Slain by nublet's ghost (9 damage)
             ... on level 8 of the Dungeon.
             The game lasted 00:26:46 (6219 turns).

graki42 the Thaumaturge (DEFE)                      Turns: 6219, Time: 00:26:46

Health: -1/46      AC:  9    Str:  7    XL:     9   Next: 22%
Magic:  17/24      EV: 15    Int: 30    God:    Vehumet [**....]
Gold:   332        SH:  0    Dex: 20    Spells: 5 memorised, 11 levels left

rFire  + . .     SeeInvis .     p - +9 mace of the Blessings {freeze, *Contam rF+ Str+2 Int+6}
rCold  . . .     Clarity  +     a - +0 robe
rNeg   . . .     SustAt   +     (no shield)
rPois  .         Gourm    .     u - +0 helmet
rElec  .         Spirit   .     J - +2 cloak {+Inv}
rCorr  .         Dismiss  +     F - +2 pair of gloves
rMut   .         Stasis   .     (no boots)
MR     +....                    x - amulet of dismissal
Stlth  +++.......               O - ring of sustain attributes (curse)
                                G - +5 ring of dexterity

@: somewhat resistant to hostile enchantments, fairly stealthy
A: blurry vision 1, clarity, magic resistance 1, sense surroundings 1
a: Renounce Religion, Evoke Invisibility


You were on level 8 of the Dungeon.
You worshipped Vehumet.
Vehumet was pleased with you.
You were not hungry.

You visited 2 branches of the dungeon, and saw 9 of its levels.

You collected 332 gold pieces.

Inventory:

Hand Weapons
 p - the +9 mace of the Blessings (weapon) {freeze, *Contam rF+ Str+2 Int+6}
   (You found it on level 5 of the Dungeon)

   It has been specially enchanted to freeze those struck by it, causing extra
   injury to most foes and up to half again as much damage against particularly
   susceptible opponents.
   It can also slow down cold-blooded creatures.
   It affects your strength (+2).
   It affects your intelligence (+6).
   It protects you from fire.
   It causes magical contamination when unequipped.
Armour
 a - a +0 robe (worn)
 u - a +0 helmet (worn)
 F - a +2 pair of gloves (worn)
 J - a +2 cloak of invisibility (worn)
Magical Staves
 o - an uncursed staff of air
Jewellery
 x - an amulet of dismissal (around neck)
 G - a +5 ring of dexterity (left hand)
 O - a cursed ring of sustain attributes (right hand)
Wands
 m - a wand of slowing (12)
 y - a wand of digging (10)
Scrolls
 e - 4 scrolls of random uselessness {unknown}
 f - 5 scrolls of blinking {unknown}
 g - 3 scrolls of magic mapping {unknown}
 h - 6 scrolls of identify {unknown}
 i - 3 scrolls of recharging {unknown}
 j - a scroll of amnesia {unknown}
 l - 4 scrolls of enchant armour {unknown}
 n - a scroll of noise {unknown}
 v - a scroll of immolation {unknown}
 A - 3 scrolls of teleportation {unknown}
 C - a scroll of remove curse {unknown}
 P - 3 scrolls of fear {unknown}
Potions
 d - 3 potions of heal wounds {unknown}
 k - a potion of flight {unknown}
 q - a potion of haste {unknown}
 r - 2 potions of lignification {unknown}
 w - a potion of curing
 z - 2 potions of brilliance {unknown}
 D - a potion of ambrosia {unknown}
 E - a potion of berserk rage {unknown}
 K - a potion of degeneration {unknown}
 M - a potion of might {unknown}
Books
 b - a book of Flames

   Spells                             Type                      Level
   a - Flame Tongue                   Conjuration/Fire             1
   b - Throw Flame                    Conjuration/Fire             2
   c - Conjure Flame                  Conjuration/Fire             3
   d - Inner Flame                    Hexes/Fire                   3
   e - Sticky Flame                   Conjuration/Fire             4
   f - Fireball                       Conjuration/Fire             5
 I - a book of Party Tricks

   Spells                             Type                      Level
   a - Summon Butterflies             Summoning                    1
   b - Apportation                    Translocation                1
   c - Tukima's Dance                 Hexes                        3
   d - Alistair's Intoxication        Transmutation/Poison         4
   e - Invisibility                   Hexes                        6
 L - a book of Burglary

   Spells                             Type                      Level
   a - Swiftness                      Charms/Air                   2
   b - Passwall                       Transmutation/Earth          3
   c - Passage of Golubria            Translocation                4
   d - Lee's Rapid Deconstruction     Earth                        5
   e - Darkness                       Hexes                        6
   f - Invisibility                   Hexes                        6
 N - an Akashic Record

   Spells                             Type                      Level
   a - Dispersal                      Translocation                6
   b - Malign Gateway                 Summoning/Translocation      7
   c - Disjunction                    Translocation                8
   d - Controlled Blink               Translocation                8
Comestibles
 c - 9 bread rations
 s - a royal jelly
 t - a beef jerky
 B - a slice of pizza
 H - 2 meat rations


   Skills:
 + Level 0.7 Fighting
   Level 0.4 Short Blades
 + Level 0.2 Maces & Flails
 + Level 4.6 Dodging
 + Level 4.3 Stealth
 + Level 9.7 Spellcasting
 + Level 6.8 Conjurations
 + Level 1.0 Hexes
 + Level 7.9 Fire Magic


You had 11 spell levels left.
You knew the following spells:

 Your Spells              Type           Power        Failure   Level  Hunger
a - Flame Tongue          Conj/Fire      #####        1%          1    None
b - Conjure Flame         Conj/Fire      ######..     1%          3    None
c - Inner Flame           Hex/Fire       #####...     1%          3    None
d - Sticky Flame          Conj/Fire      ######..     1%          4    None
e - Fireball              Conj/Fire      ######....   6%          5    ###....


Dungeon Overview and Level Annotations

Branches:
Dungeon (8/15)             Temple (1/1) D:5
   Lair: D:8-11

Altars:
Ashenzari
Cheibriados
Dithmenos
Elyvilon
Gozag
Kikubaaqudgha
Makhleb
Okawaru
Qazlal
Ru
Sif Muna
Vehumet
Xom
Yredelemnul
Zin
The Shining One

Annotations:
D:8 nublet's ghost, novice DrTm


Innate Abilities, Weirdness & Mutations

Scrolls take you a little longer to read.
You possess an exceptional clarity of mind.
You are resistant to hostile enchantments.
You passively map a small area around you.


Message History

Confirm with . or Enter, or press ? or * to list all spells.
Aiming: Flame Tongue
Press: ? - help, Shift-Dir - straight line, f/p - nublet's ghost
Aim: nublet's ghost (flame, moderately damaged, catching its breath)
The flame tongue hits nublet's ghost.
Nublet's ghost is moderately damaged.
Nublet's ghost is engulfed in roaring flames.
Nublet's ghost hits you!
* * * LOW HITPOINT WARNING * * *
The adder skeleton closely misses you.
Casting: Flame Tongue
Confirm with . or Enter, or press ? or * to list all spells.
Aiming: Flame Tongue
Press: ? - help, Shift-Dir - straight line, f/p - nublet's ghost
Aim: nublet's ghost (flame, heavily damaged)
The flame tongue hits nublet's ghost.
Nublet's ghost is heavily damaged.
Nublet's ghost is engulfed in roaring flames.
Nublet's ghost hits you!
You die...

..........# # ,
*##........##.# ,
,###(...........#
,*
./..............
* , ,
,#............. ,
,
#.#.......<.#...
#....Z<.....# , *
..##.#W##.......,
, # #@##.<..##..
* #.Z##.#... . ,*
#......#....#...#
, , * .##....
###..)#.# ,
....... .....# ,
* ..####. .. , #
* #. , ,,., , #.
, , #. , , *


You could see nublet's ghost, a worker ant zombie and an adder skeleton.

Vanquished Creatures
  A two-headed ogre (D:4)
  Sigmund (D:5)
  A spriggan (D:7)
  A sky beast (D:6)
  2 orc warriors (D:7)
  2 ogres
  An ice beast (D:6)
  2 centaurs (D:6)
  2 giant frogs
  A scorpion (D:6)
  5 crimson imps
  A giant frog zombie (D:6)
  Crazy Yiuf (D:5)
  2 giant frog skeletons (D:6)
  A hound (D:4)
  5 worker ants
  3 orc priests (D:7)
  2 orc wizards
  2 iguanas
  The ghost of JokEr the Skirmisher, a weakling HEFi (D:3)
  A hound zombie (D:5)
  2 hound skeletons (D:5)
  A worker ant zombie (D:5)
  7 adders
  7 gnolls (D:6)
  A shadow imp (D:5)
  2 oozes
  3 adder skeletons
  3 worms
  4 giant geckos
  32 orcs
  5 giant cockroaches
  5 hobgoblins
  8 jackals
  4 quokkas
  A ball python (D:2)
  5 bats
  4 giant newts
  6 goblins
  3 kobolds
  8 rats
149 creatures vanquished.

Notes
Turn   | Place    | Note
--------------------------------------------------------------
     0 | D:1      | graki42 the Deep Elf Fire Elementalist began the quest for the Orb.
     0 | D:1      | Reached XP level 1. HP: 10/10 MP: 6/6
   317 | D:1      | Reached XP level 2. HP: 15/15 MP: 4/8
   387 | D:1      | Found a shattered altar of Ashenzari.
   915 | D:2      | Reached skill level 4 in Fire Magic
   944 | D:2      | Reached XP level 3. HP: 19/19 MP: 4/9
  1092 | D:2      | Learned a level 3 spell: Conjure Flame
  1096 | D:2      | Learned a level 3 spell: Inner Flame
  1437 | D:3      | Noticed JokEr's ghost (weakling HEFi)
  1527 | D:3      | Killed JokEr's ghost
  1527 | D:3      | Reached XP level 4. HP: 5/24 MP: 3/12
  1736 | D:3      | Found a white marble altar of Elyvilon.
  1779 | D:3      | Learned a level 4 spell: Sticky Flame
  1926 | D:3      | Noticed a giant frog
  1930 | D:3      | Killed a giant frog
  1930 | D:3      | Reached XP level 5. HP: 26/28 MP: 10/14
  2147 | D:4      | Reached skill level 5 in Spellcasting
  2382 | D:4      | Noticed an ogre
  2394 | D:4      | Killed an ogre
  2394 | D:4      | Reached XP level 6. HP: 32/32 MP: 3/16
  2577 | D:4      | Reached skill level 5 in Fire Magic
  2749 | D:4      | Noticed a two-headed ogre
  2768 | D:4      | Killed a two-headed ogre
  2768 | D:4      | Reached skill level 6 in Spellcasting
  2768 | D:4      | Reached XP level 7. HP: 35/37 MP: 1/18
  2971 | D:4      | Found a glowing golden altar of the Shining One.
  3115 | D:5      | Entered Level 5 of the Dungeon
  3176 | D:5      | Noticed Sigmund
  3186 | D:5      | Killed Sigmund
  3310 | D:5      | Found a staircase to the Ecumenical Temple.
  3313 | D:5      | Reached skill level 7 in Spellcasting
  3321 | Temple   | Entered the Ecumenical Temple
  3358 | Temple   | Became a worshipper of Vehumet
  3473 | D:5      | Reached skill level 5 in Conjurations
  3612 | D:5      | Learned a level 5 spell: Fireball
  3635 | D:5      | Reached XP level 8. HP: 42/42 MP: 14/21
  3708 | D:5      | Noticed Crazy Yiuf
  3710 | D:5      | Killed Crazy Yiuf
  3759 | D:5      | Found an iron altar of Okawaru.
  3765 | D:5      | Got an iridescent mace
  3780 | D:5      | Identified the +9 mace of the Blessings {freeze, *Contam rF+ Str+2 Int+6} (You found it on level 5 of the Dungeon)
  3801 | D:5      | Found an ancient bone altar of Kikubaaqudgha.
  4157 | D:6      | Reached * piety under Vehumet
  4157 | D:6      | Offered knowledge of Sandblast by Vehumet.
  4494 | D:6      | Found a radiant altar of Vehumet.
  4569 | D:6      | Reached skill level 8 in Spellcasting
  4573 | D:6      | Gained mutation: You possess an exceptional clarity of mind. [mutagenic meat]
  4574 | D:6      | Gained mutation: You are resistant to hostile enchantments. [mutagenic meat]
  4575 | D:6      | Gained mutation: Scrolls take you a little longer to read. [mutagenic meat]
  4576 | D:6      | Gained mutation: You passively map a small area around you. [mutagenic meat]
  5451 | D:7      | Reached skill level 9 in Spellcasting
  5887 | D:7      | Reached XP level 9. HP: 44/46 MP: 15/24
  5986 | D:7      | Offered knowledge of Sting by Vehumet.
  6067 | D:7      | Found an opulent altar of Gozag.
  6124 | D:7      | Found a sacrificial altar of Ru.
  6145 | D:7      | Reached ** piety under Vehumet
  6153 | D:7      | Reached skill level 1 in Hexes
  6206 | D:8      | Noticed nublet's ghost (novice DrTm)
  6219 | D:8      | Slain by nublet's ghost

Vault maps used:
D:1:      dpeg_arrival_circle_labyrinth_a, evilmike_ruin_ashenzari
D:3:      lemuel_crystal_altar, first_bread
D:4:      grunt_ministairs_13, nicolae_tso_carved_into_rock
D:5:      kiku_gazebo_garden_becter, okawaru_ov_weapons_minmay,
          minmay_temple_entry_junction2, kennysheep_pointless_box,
          abandoned_shop, uniq_crazy_yiuf_cottage, uniq_sigmund
D:6:      basic_altar, bh_chokoban, minmay_misc_feat_iff,
          kennysheep_generic_room_5
D:7:      kennysheep_mini, nicolae_gozag_seed_capital, the_bakery
D:8:      lemuel_round_altar, johnstein_pakellas_death_squad, serial_shops,
          shop_statue, shop, kb_lookout_dungeons_type, bloody_trog
Temple:   nicolae_temple_x_marks_the_god

Action                   |  1- 3 |  4- 6 |  7- 9 || total
-------------------------+-------+-------+-------++-------
Melee: Dagger            |     3 |       |     1 ||     4
       Mace              |       |       |    17 ||    17
 Cast: Flame Tongue      |    78 |    82 |   167 ||   327
       Conjure Flame     |       |     5 |     8 ||    13
       Sticky Flame      |       |     3 |    16 ||    19
       Inner Flame       |       |     1 |     6 ||     7
  Use: Potion            |     1 |       |       ||     1
 Stab: Sleeping          |       |       |     2 ||     2
  Eat: Chunk             |     1 |     5 |    13 ||    19
       Royal jelly       |       |       |     1 ||     1
